 Dungeon Crawl Stone Soup version 0.28-b1-25-g9875b3fc8c (webtiles) character file.

Game seed: 17974903486063171129

321 Kae the Poker (level 6, 0/47 HPs)
             Began as a Merfolk Gladiator on Jan 31, 2022.
             Killed themself with a badly aimed iceblast (8 damage)
             ... on level 4 of the Dungeon.
             The game lasted 00:11:39 (3510 turns).

Kae the Poker (Merfolk Gladiator)                   Turns: 3510, Time: 00:11:41

Health: 0/47       AC: 12    Str: 16    XL:     6   Next: 46%
Magic:  6/6        EV:  6    Int:  7    God:
Gold:   127        SH:  0    Dex: 22    Spells: 5/5 levels left

rFire   x . .      SeeInvis .   a - +1 trident
rCold   + . .      Faith    .   (no shield)
rNeg    . . .      Spirit   .   k - +0 plate armour
rPois   .          Reflect  .   c - +0 helmet
rElec   .          Harm     .   (no cloak)
rCorr   .          Rampage  .   (no gloves)
Will    .....                   (no boots)
Stlth   ..........              (no amulet)
HPRegen 0.15/turn               g - +6 ring of dexterity
MPRegen 0.10/turn               l - ring of ice

@: lethally poisoned (0 -> -14)
A: (nimble swimmer 2), mertail
a: no special abilities


You were on level 4 of the Dungeon.
You visited 1 branch of the dungeon, and saw 4 of its levels.

You collected 127 gold pieces.

Inventory:

Hand Weapons
 a - a +1 trident (weapon)
 h - a +1 whip of draining
 p - a +2 rapier of speed
 w - a +1 short sword of holy wrath
Missiles
 d - a throwing net (quivered)
 j - 5 poisoned darts
 q - 11 bolts
 x - 16 arrows
Armour
 b - a +0 leather armour
 c - a +0 helmet (worn)
 k - a +0 plate armour (worn)
Jewellery
 g - a +6 ring of dexterity (left hand)
 l - a ring of ice (right hand)
Wands
 m - a wand of iceblast (2)
 s - a wand of paralysis (3)
Scrolls
 e - 2 scrolls of amnesia
Potions
 f - 3 potions of flight
 i - a potion of brilliance
 n - a potion of degeneration {unknown}
 r - a potion of magic
 t - a potion of might {unknown}
 u - a potion of mutation {unknown}
 v - a potion of haste


   Skills:
 + Level 3.3 Fighting
 + Level 7.7 Polearms
 + Level 2.2 Throwing
 + Level 2.0 Armour
 + Level 4.5 Dodging
 + Level 1.0 Stealth
 + Level 0.3 Evocations


You had 5 spell levels left.
You didn't know any spells.
Your spell library was empty.

Dungeon Overview and Level Annotations

Branches:
Dungeon (4/15)
 Temple: D:4-7

Altars:

Annotations:
D:4 Dowan


Innate Abilities, Weirdness & Mutations

((You are very nimble when in or above water. (Stealth+, EV+, Speed+++)))
Your lower body shifts to a powerful aquatic tail in water.


Message History

Dowan, Brother of Duvessa comes into view.
He is wielding a +0 dagger.
You barely miss Duvessa.
Duvessa is severely wounded.
You feel sick.
Duvessa hits you with a +3 short sword of venom!
Duvessa barely misses you.
You hit Duvessa.
Duvessa is severely wounded.
You feel sick. Duvessa hits you but does no damage.
You are more poisoned.
You hit Duvessa.
Duvessa is almost dead.
You feel very sick.
You puncture Dowan!
Dowan is heavily wounded.
You feel sick.
Duvessa hits you with a +3 short sword of venom.
* * * LOW HITPOINT WARNING * * *
You are lethally poisoned!
Duvessa hits you but does no damage. Dowan hits you but does no damage.
You feel better.
Duvessa hits you with a +3 short sword of venom!
* * * LOW HITPOINT WARNING * * *
You are lethally poisoned!
Dowan barely misses you.
Okay, then.
Aiming: Iceblast
Press: ? - help, Q - select action, (/) - cycle Shift-Dir - straight line, f/p - Duvessa
Aim: Duvessa, wielding a +3 short sword of venom and wearing a +0 leather armour (almost dead, fast) That beam is likely to hit you.
Continue anyway?
Uppercase [Y]es or [N]o only, please.
That beam is likely to hit you.
Continue anyway?
The mass of ice explodes!
The iceblast engulfs Duvessa!
You kill Duvessa!
Dowan's eyes darken. "You have made a black mistake."
Dowan seems to find hidden reserves of power!
The iceblast engulfs Dowan!
Dowan is almost dead.
The iceblast engulfs you! You partially resist.
You die...

####.###.##
#....##...###
#.##........# #
####..^#.#
######.##.#
#..........#
.#####...#.#####..
##..e).........
.###....@.........
#........)........#
#######...#########
##...=$#
#####.r..@@r
#######


You could see Dowan (fast).

Vanquished Creatures
  Eustachio (D:4)
  Duvessa (D:4)
  A jelly (D:3)
  Ijyb (D:3)
  Robin (D:3)
  5 adders
  3 worms
  6 ball pythons
  4 bats
  3 endoplasms (D:2)
  A giant cockroach (D:1)
  9 goblins
  9 hobgoblins
  2 jackals (D:2)
  3 quokkas
  5 frilled lizards
  7 kobolds
  6 rats
68 creatures vanquished.

Notes
Turn   | Place    | Note
-------+----------+-------------------------------------------
     0 | D:1      | Kae the Merfolk Gladiator began the quest for the Orb.
     0 | D:1      | Reached XP level 1. HP: 16/16 MP: 1/1
   130 | D:1      | Reached XP level 2. HP: 22/22 MP: 2/2
   497 | D:1      | Reached skill level 5 in Polearms
  1020 | D:2      | Reached XP level 3. HP: 11/28 MP: 3/3
  1517 | D:2      | Found a faded altar of an unknown god.
  1746 | D:2      | Reached XP level 4. HP: 32/34 MP: 4/4
  1830 | D:2      | Reached skill level 6 in Polearms
  2475 | D:3      | Reached skill level 1 in Armour
  2479 | D:3      | Reached XP level 5. HP: 25/39 MP: 5/5
  2579 | D:3      | Noticed Robin
  2589 | D:3      | Killed Robin
  2752 | D:3      | Noticed Ijyb
  2758 | D:3      | Paralysed by Ijyb for 7 turns
  2771 | D:3      | Killed Ijyb
  3017 | D:3      | Reached skill level 7 in Polearms
  3460 | D:4      | Noticed Eustachio
  3491 | D:4      | Killed Eustachio
  3492 | D:4      | Reached skill level 1 in Stealth
  3492 | D:4      | Reached XP level 6. HP: 36/47 MP: 6/6
  3497 | D:4      | Noticed Duvessa
  3504 | D:4      | Noticed Dowan
  3510 | D:4      | Killed Duvessa
  3510 | D:4      | Killed themself with a badly aimed iceblast

Illustrated notes

Levels and vault maps discovered:
D:1:      psy_arrival_terrarium, layout_basic, serial_bayou_ford_a,
          minmay_hedge_maze
D:2:      layout_loops_ring, shapermc_ecumenical_altar_totnotflames,
          minmay_pentomino_x2
D:3:      layout_loops_ring, uniq_ijyb, uniq_robin
D:4:      layout_loops_ring, nzn_overflow_gifts_of_might_and_magic,
          old_standard_altar, uniq_duvessa, uniq_eustachio

Skill      XL: |  1  2  3  4  5 |
---------------+----------------+-----
Polearms       | 5 6 7 |  7.7
Armour         | 1 2 |  2.0
Fighting       | 3 |  3.3
Stealth        | 1 |  1.0
Throwing       | |  2.2
Dodging        | |  4.5
Evocations     | |  0.3

Action                   |  1- 3 |  4- 6 || total
-------------------------+-------+-------++-------
Melee: Trident           |   110 |   115 ||   225
       Punch             |     1 |     1 ||     2
Throw: Throwing net      |       |     2 ||     2
Evoke: Wand              |       |     8 ||     8
  Use: Scroll            |       |    10 ||    10
       Potion            |       |     3 ||     3
 Stab: Sleeping          |     3 |       ||     3
Armor: Leather armour    |    14 |       ||    14
       Plate armour      |    16 |    76 ||    92
Dodge: Dodged            |    60 |    39 ||    99
